 Dungeon Crawl Stone Soup version 0.29.1-4-g47bece8355 (webtiles) character file.

Game seed: 5359797376196876714

174 H0rd4k the Charlatan (level 5, 0/36 HPs)
             Began as an Octopode Artificer on Dec 5, 2022.
             Slain by a jackal (2 damage)
             ... on level 3 of the Dungeon.
             The game lasted 00:02:11 (2690 turns).

H0rd4k the Charlatan (Octopode Artificer)           Turns: 2690, Time: 00:02:13

Health: 0/36       AC:  1    Str: 11    XL:     5   Next: 54%
Magic:  8/8        EV: 13    Int: 15    God:
Gold:   99         SH:  0    Dex: 13    Spells: 8/8 levels left

rFire   + . .      SeeInvis .   o - +8 hammer of Spring {vorpal, Fly rF+ Stlth+}
rCold   . . .      Faith    .   (no shield)
rNeg    . . .      Spirit   .   (helmet restricted)
rPois   .          Reflect  .   (no amulet)
rElec   .          Harm     .   (no ring)
rCorr   .          Rampage  .   (no ring)
Will    .....                   (no ring)
Stlth   ++++......              (no ring)
HPRegen 0.12/turn               (no ring)
MPRegen 0.11/turn               (no ring)
                                (no ring)
                                (no ring)

@: flying
A: almost no armour, amphibious, 8 rings, camouflage 1, gelatinous body 1,
(nimble swimmer 1), tentacles
a: no special abilities


You were on level 3 of the Dungeon.
You visited 1 branch of the dungeon, and saw 3 of its levels.

You collected 99 gold pieces.

Inventory:

Hand Weapons
 o - the +8 hammer of Spring (weapon) {vorpal, Fly rF+ Stlth+}
   (You found it on level 2 of the Dungeon)

   It inflicts extra damage upon your enemies.
   rF:        It protects you from fire.
   Fly:       It grants you flight.
   Stlth:     It makes you more stealthy.
Missiles
 h - 2 curare-tipped darts (quivered)
Jewellery
 j - a ring of willpower
Wands
 b - a wand of flame (15)
 c - a wand of charming (12)
 d - a wand of iceblast (5)
Scrolls
 e - a scroll of enchant weapon {unknown}
 p - a scroll of enchant armour {unknown}
 q - a scroll of blinking {unknown}
 r - a scroll of vulnerability {unknown}
 s - a scroll of teleportation {unknown}
Potions
 a - 3 potions of flight {unknown}
 f - 2 potions of ambrosia {unknown}
 g - a potion of berserk rage {unknown}
 i - 2 potions of lignification {unknown}
 k - 2 potions of might {unknown}
 l - a potion of mutation {unknown}
 m - 2 potions of brilliance {unknown}
 n - a potion of invisibility {unknown}
 t - a potion of heal wounds {unknown}
 u - a potion of degeneration {unknown}


   Skills:
 * Level 2.9 Fighting
 + Level 1.2 Maces & Flails
 - Level 2.3 Dodging
 - Level 1.3 Stealth
 + Level 2.3 Unarmed Combat
 * Level 2.4 Spellcasting
 - Level 3.2 Evocations


You had 8 spell levels left.
You didn't know any spells.
Your spell library was empty.

Dungeon Overview and Level Annotations

Branches:
Dungeon (3/15)

Altars:
Nemelex Xobeh

Annotations:
D:2 1 runed translucent door, exclusion: door, Crazy Yiuf


Innate Abilities, Weirdness & Mutations

You cannot wear most types of armour.
You are amphibious.
You can wear up to eight rings at the same time.
Your skin changes colour to match your surroundings (Stealth+).
Your rubbery body absorbs attacks. (AC +1, EV +1)
((You are camouflaged when in or above water. (Stealth+)))
You have tentacles for arms and can constrict up to eight enemies at once.


Message History

The orc priest shouts!
You hit the gnoll. You grab the gnoll.
The gnoll is heavily wounded.
You constrict the gnoll, but do no damage.
The gnoll closely misses you.
You thump the gnoll!
You kill the gnoll!
The jackal bites you. x3; The jackal misses you.
The gnoll hits you with a +0 club.
You sock the gnoll! You grab the gnoll.
The gnoll is almost dead.
You constrict the gnoll.
You kill the gnoll!
The jackal bites you. x2
* * * LOW HITPOINT WARNING * * *
The jackal bites you.
* * * LOW HITPOINT WARNING * * *
The jackal closely misses you.
The orc priest hits you but does no damage.
Aiming: Charm
Press: ? - help, Shift-Dir - straight line, f/p - orc priest
Aim: an orc priest, wielding a +0 hand axe (chance to affect: 57%)
The orc priest is charmed.
The jackal bites you but does no damage.
The jackal bites you.
* * * LOW HITPOINT WARNING * * *
The jackal barely misses you.
You sock the jackal!
You kill the jackal!
The jackal bites you but does no damage.
You hit the jackal but do no damage. Your grab misses the jackal.
The jackal misses you.
Your orc priest misses the jackal.
The jackal bites you.
* * * LOW HITPOINT WARNING * * *
You completely miss the jackal. You grab the jackal.
Your squeeze misses the jackal.
You constrict the jackal, but do no damage.
The jackal barely misses you.
Your orc priest hits the jackal with a +0 hand axe.
The jackal bites you.
You die...

~~~~.≈~..~#.## #..
♣.$...~~..)..# #.#
.~≈.....≈##.#####.#
≈.#..##...........
#.#(....##[#####.# #
#)#..##.##.# #.. #.
#####)......##.# ###
#. #....).........#
#..##...†@...######.
#.......ho)...#### .
#................. .
#.............### ..
#....#.##.##...#
#....#.........# #
.. ####.##.#.#
#.†....############
####...†...........


You could see a jackal (ally target) and a friendly orc priest (charmed).

Vanquished Creatures
  An orc wizard (D:3)
  3 adders
  4 gnolls
  2 orcs (D:3)
  2 ball pythons
  4 endoplasms
  3 giant cockroaches
  5 goblins
  2 hobgoblins (D:2)
  5 jackals (D:3)
  A kobold (D:2)
  A quokka (D:1)
  3 bats
  6 frilled lizards
  4 rats (D:1)
46 creatures vanquished.

Vanquished Creatures (collateral kills)
  An orc priest (D:3)
  A gnoll (D:2)
2 creatures vanquished.

Vanquished Creatures (others)
  A gnoll (D:2)
1 creature vanquished.

Grand Total: 49 creatures vanquished

Notes
Turn   | Place    | Note
-------+----------+-------------------------------------------
     0 | D:1      | H0rd4k the Octopode Artificer began the quest for the Orb.
     0 | D:1      | Reached XP level 1. HP: 13/13 MP: 1/1
   397 | D:1      | Reached XP level 2. HP: 16/18 MP: 3/3
   470 | D:1      | Reached skill level 1 in Spellcasting
  1262 | D:2      | Found a sparkling altar of Nemelex Xobeh.
  1270 | D:2      | Reached XP level 3. HP: 23/24 MP: 5/5
  1437 | D:2      | Identified the +8 hammer of Spring {vorpal, Fly rF+ Stlth+}
  1445 | D:2      | Found a runed translucent door.
  1446 | D:2      | Noticed Crazy Yiuf
  1559 | D:2      | Reached skill level 1 in Unarmed Combat
  1709 | D:2      | Reached XP level 4. HP: 10/30 MP: 6/6
  2368 | D:3      | Reached XP level 5. HP: 7/36 MP: 8/8
  2626 | D:3      | Reached skill level 1 in Maces & Flails
  2689 | D:3      | HP: 1/36 [jackal (3)]
  2690 | D:3      | Slain by a jackal

Illustrated notes

Levels and vault maps discovered:
D:1:      co_arrival_square_in_a_square_in_a_square, layout_rooms
D:2:      layout_loops_corners, basic_altar, nicolae_kite_square_tiling_tiny,
          uniq_crazy_yiuf_cottage
D:3:      minmay_octagon_keep, layout_loops_cross, xom_confusion_cloud,
          serial_rivers, chequers_serial_rivers_small_3,
          chequers_serial_rivers_marsh, chequers_serial_rivers_micro_d,
          chequers_serial_rivers_large_b

Skill      XL: |  1  2  3  4  5 |
---------------+----------------+-----
Spellcasting   | 1 2 |  2.4
Fighting       | 2 |  2.9
Unarmed Combat | 1 2 |  2.3
Maces & Flails | 1 |  1.2
Dodging        | |  2.3
Stealth        | |  1.3
Evocations     | |  3.2

Action                   |  1- 3 |  4- 6 || total
-------------------------+-------+-------++-------
Melee: Unarmed           |    64 |       ||    64
       Constrict         |    14 |     7 ||    21
       Tentacles         |    13 |     2 ||    15
       Punch             |     1 |       ||     1
       Mace              |     7 |    28 ||    35
Evoke: Wand              |     1 |     2 ||     3
 Stab: Sleeping          |    11 |       ||    11
Armor: Skin              |     1 |     4 ||     5
Dodge: Dodged            |    36 |    38 ||    74
